 Dungeon Crawl Stone Soup version 0.28.0-47-ge53b351184 (webtiles) character file.

Game seed: 16441569691440790214

1072 101zpm the Gusty (level 8, -3/58 HPs)
             Began as a Gnoll Air Elementalist on Apr 25, 2022.
             Slain by Maggie
             ... wielding a +2 broad axe of pain
              (16 damage)
             ... on level 6 of the Dungeon.
             The game lasted 00:12:56 (5893 turns).

101zpm the Gusty (Gnoll Air Elementalist)           Turns: 5893, Time: 00:12:58

Health: -3/58      AC:  3    Str:  8    XL:     8   Next: 28%
Magic:  2/17       EV: 14    Int: 17    God:
Gold:   183        SH:  0    Dex: 12    Spells: 5/19 levels left

rFire   + . .      SeeInvis .   p - +7 trident of Autumn {drain, rF+ rN++}
rCold   . . .      Faith    .   (no shield)
rNeg    + + .      Spirit   .   a - +0 robe
rPois   .          Reflect  .   (no helmet)
rElec   .          Harm     .   (no cloak)
rCorr   .          Rampage  .   t - +0 pair of gloves
Will    .....                   (no boots)
Stlth   +++.......              (no amulet)
HPRegen 0.19/turn               (no ring)
MPRegen 0.15/turn               (no ring)

@: mesmerised
A: fangs 1, strong nose, distributed training
a: no special abilities


You were on level 6 of the Dungeon.
You visited 1 branch of the dungeon, and saw 6 of its levels.
You also visited: Sewer.

You collected 183 gold pieces.

Inventory:

Hand Weapons
 p - the +7 trident of Autumn (weapon) {drain, rF+ rN++}
   (You found it on level 5 of the Dungeon)

   A truly terrible weapon, it drains the life of any living foe it strikes.
   rF:        It protects you from fire.
   rN:        It greatly protects you from negative energy.
Armour
 a - a +0 robe (worn)
 t - a +0 pair of gloves (worn)
Wands
 q - a wand of flame (12)
 v - a wand of acid (4)
Scrolls
 d - 6 scrolls of identify {unknown}
 g - a scroll of noise {unknown}
 h - 2 scrolls of summoning {unknown}
 i - 3 scrolls of enchant weapon {unknown}
 j - 3 scrolls of immolation {unknown}
 l - a scroll of enchant armour {unknown}
Potions
 b - a potion of invisibility {unknown}
 c - 2 potions of attraction {unknown}
 e - a potion of resistance {unknown}
 f - 6 potions of heal wounds {unknown}
 k - a potion of lignification {unknown}
 m - 2 potions of curing {unknown}
 n - 3 potions of haste {unknown}
 o - a potion of ambrosia {unknown}
 r - 2 potions of might {unknown}
 s - a potion of mutation {unknown}
 u - a potion of brilliance {unknown}


   Skills:
 + Level 3.1 Fighting
 + Level 3.1 Short Blades
 + Level 3.1 Long Blades
 + Level 3.1 Axes
 + Level 3.1 Maces & Flails
 + Level 3.1 Polearms
 + Level 3.1 Staves
 + Level 3.1 Slings
 + Level 3.1 Bows
 + Level 3.1 Crossbows
 + Level 3.1 Throwing
 + Level 3.1 Armour
 + Level 5.6 Dodging
 + Level 5.3 Stealth
 + Level 3.1 Shields
 + Level 3.1 Unarmed Combat
 + Level 6.0 Spellcasting
 + Level 3.4 Conjurations
 + Level 2.5 Hexes
 + Level 2.5 Summonings
 + Level 2.5 Necromancy
 + Level 2.5 Translocations
 + Level 2.5 Transmutations
 + Level 2.5 Fire Magic
 + Level 2.5 Ice Magic
 + Level 6.1 Air Magic
 + Level 2.5 Earth Magic
 + Level 2.5 Poison Magic
 + Level 3.4 Invocations
 + Level 3.1 Evocations


You had 5 spell levels left.
You knew the following spells:

 Your Spells              Type           Power      Damage    Failure   Level
a - Shock                 Conj/Air       84%        1d8       1%          1
b - Static Discharge      Conj/Air       21%        N/A       2%          2
c - Tukima's Dance        Hex            13%        N/A       14%         3
d - Airstrike             Air            12%        N/A       11%         4
e - Sticky Flame          Conj/Fire      15%        2d4       36%         4

Your spell library contained the following spells:

 Spells                   Type           Power      Damage    Failure   Level
 Corpse Rot               Necr/Air       38%        N/A       3%          2
 Poisonous Vapours        Pois/Air       38%        N/A       3%          2
 Swiftness                Air            25%        N/A       3%          3
 Conjure Flame            Conj/Fire      15%        6-21      12%         3
 Ignite Poison            Fire/Tmut/Pois 13%        N/A       14%         3
 Ozocubu's Armour         Ice            13%        N/A       14%         3
 Passage of Golubria      Tloc           13%        N/A       41%         4
 Metabolic Englaciation   Hex/Ice        6%         N/A       77%         5
 Yara's Violent Unravell  Hex/Tmut       6%         3d5       77%         5
 Simulacrum               Ice/Necr       6%         N/A       100%        6


Dungeon Overview and Level Annotations

Branches:
Dungeon (6/15)              Sewer (visited)
 Temple: D:4-7

Altars:
Kikubaaqudgha
Okawaru

Shops:
D:2 (

Annotations:
D:2 1 runed translucent door, Crazy Yiuf
D:5 Eustachio
D:6 Maggie


Innate Abilities, Weirdness & Mutations

You have very sharp teeth.
Your uncanny sense of smell can sniff out nearby items.
Your experience applies equally to all skills.


Message History

Maggie draws you further into her thrall.
You hear an angry hiss.
You hear a shout!
You hear an angry growl.
You hear an angry hiss.
You hit the howler monkey.
You kill the howler monkey!
Your Spellcasting skill increases to level 6!
You closely miss Maggie.
Maggie is severely wounded.
Maggie hits you with a +2 broad axe of pain!
You barely miss Maggie. Your bite misses Maggie.
Maggie is severely wounded.
Maggie closely misses you. The gnoll completely misses you.
You closely miss Maggie.
Maggie is severely wounded.
The gnoll closely misses you.
Maggie hits you with a +2 broad axe of pain!
The gnoll closely misses you. The gnoll completely misses you.
You barely miss Maggie.
Maggie is severely wounded.
Maggie closely misses you.
The gnoll hits you from afar with a +0 halberd!
The gnoll closely misses you.
You hit Maggie.
Maggie is severely wounded.
Maggie hits you with a +2 broad axe of pain!
The gnoll closely misses you. The gnoll hits you with a +0 club.
Maggie hits you with a +2 broad axe of pain.
* * * LOW HITPOINT WARNING * * *
You hit Maggie but do no damage. You bite Maggie.
Maggie is severely wounded.
The gnoll closely misses you. The gnoll barely misses you.
Maggie points at you and mumbles some strange words.
The bolt of fire misses you.
You barely miss Maggie. You punch Maggie. You bite Maggie, but do no damage.
Maggie is almost dead.
The gnoll hits you from afar with a +0 halberd.
* * * LOW HITPOINT WARNING * * *
The gnoll barely misses you.
Maggie hits you with a +2 broad axe of pain!
You die...

........# . ...........#
............ .....#..#..
## .....#...#### .##
..(.......#.. ...
#...........######)#
............#.#....#####
..#.....###.....@g......
.###.............@.###..
.# #....(...##.###g....
## ##...........##..)...
#.................<.
#.......#.##.....#..
##.....#### .....# .
##....# .....# #..#...
....#


You could see Maggie (mesmerising) and 2 gnolls.

Vanquished Creatures
  Grinder (Sewer)
  Prince Ribbit (D:6)
  A black bear (D:5)
  A kobold brigand (Sewer)
  A scorpion (D:5)
  A howler monkey (D:6)
  2 quasits (Sewer)
  A centaur skeleton (D:6)
  A hound (D:4)
  An iguana (D:5)
  Natasha (thrice) (D:3)
  6 adders
  A gnoll (D:6)
  3 shadow imps (Sewer)
  4 ufetubi
  An adder zombie (D:3)
  2 adder skeletons (D:4)
  4 orcs
  10 bats
  7 endoplasms
  4 giant cockroaches
  5 goblins
  8 hobgoblins
  3 quokkas
  5 ball pythons
  2 frilled lizards
  26 kobolds
  2 rats
107 creatures vanquished.

Vanquished Creatures (others)
  An adder zombie (Sewer)
  A giant cockroach zombie (Sewer)
  8 plants (D:2)
10 creatures vanquished.

Grand Total: 117 creatures vanquished

Notes
Turn   | Place    | Note
-------+----------+-------------------------------------------
     0 | D:1      | 101zpm the Gnoll Air Elementalist began the quest for the
                  | Orb.
     0 | D:1      | Reached XP level 1. HP: 13/13 MP: 6/6
   328 | D:1      | Reached XP level 2. HP: 19/19 MP: 5/7
   963 | D:2      | Found Ehuin's Weapon Shoppe.
  1302 | D:2      | Reached XP level 3. HP: 25/25 MP: 7/9
  1304 | D:2      | Found a faded altar of an unknown god.
  1460 | D:2      | Reached skill level 5 in Spellcasting
  1503 | D:2      | Found the +3 giant club "Skullcrusher" {speed, Str+7}
  1522 | D:2      | Reached skill level 1 in Invocations
  1651 | D:2      | Found a runed translucent door.
  1652 | D:2      | Noticed Crazy Yiuf
  2046 | D:3      | Reached skill level 1 in Fighting
  2046 | D:3      | Reached skill level 1 in Short Blades
  2046 | D:3      | Reached skill level 1 in Long Blades
  2046 | D:3      | Reached skill level 1 in Axes
  2046 | D:3      | Reached skill level 1 in Maces & Flails
  2046 | D:3      | Reached skill level 1 in Polearms
  2046 | D:3      | Reached skill level 1 in Staves
  2046 | D:3      | Reached skill level 1 in Slings
  2046 | D:3      | Reached skill level 1 in Bows
  2046 | D:3      | Reached skill level 1 in Crossbows
  2046 | D:3      | Reached skill level 1 in Throwing
  2046 | D:3      | Reached skill level 1 in Armour
  2046 | D:3      | Reached skill level 1 in Shields
  2046 | D:3      | Reached skill level 1 in Unarmed Combat
  2046 | D:3      | Reached skill level 1 in Evocations
  2071 | D:3      | Noticed Natasha
  2075 | D:3      | Killed Natasha
  2076 | D:3      | Reached XP level 4. HP: 32/32 MP: 6/11
  2174 | D:3      | Noticed Natasha
  2177 | D:3      | Killed Natasha
  2178 | D:3      | Reached skill level 1 in Hexes
  2178 | D:3      | Reached skill level 1 in Summonings
  2178 | D:3      | Reached skill level 1 in Necromancy
  2178 | D:3      | Reached skill level 1 in Translocations
  2178 | D:3      | Reached skill level 1 in Transmutations
  2178 | D:3      | Reached skill level 1 in Fire Magic
  2178 | D:3      | Reached skill level 1 in Ice Magic
  2178 | D:3      | Reached skill level 1 in Earth Magic
  2178 | D:3      | Reached skill level 1 in Poison Magic
  2221 | D:3      | Found an iron altar of Okawaru.
  2277 | D:3      | Noticed Natasha
  2280 | D:3      | Killed Natasha
  2281 | D:3      | Reached XP level 5. HP: 37/37 MP: 8/12
  2554 | D:3      | Found an ancient bone altar of Kikubaaqudgha.
  3754 | D:5      | Entered Level 5 of the Dungeon
  3760 | D:5      | Identified the +7 trident of Autumn {drain, rF+ rN++}
  3888 | D:5      | Reached XP level 6. HP: 41/44 MP: 7/14
  3954 | D:5      | Reached skill level 5 in Dodging
  4066 | D:5      | Noticed Eustachio
  4089 | D:5      | Learned a level 2 spell: Static Discharge
  4093 | D:5      | Learned a level 3 spell: Tukima's Dance
  4098 | D:5      | Learned a level 4 spell: Airstrike
  4103 | D:5      | Learned a level 4 spell: Sticky Flame
  4115 | D:5      | Noticed a black bear
  4117 | D:5      | Killed a black bear
  4244 | D:5      | Found a glowing drain.
  4269 | Sewer    | Entered a sewer
  4447 | Sewer    | Reached XP level 7. HP: 50/50 MP: 1/15
  5014 | Sewer    | Found a burning altar of Makhleb.
  5256 | Sewer    | Noticed Grinder
  5292 | Sewer    | Killed Grinder
  5293 | Sewer    | Reached skill level 5 in Stealth
  5778 | D:6      | Noticed Prince Ribbit
  5784 | D:6      | Killed Prince Ribbit
  5785 | D:6      | Reached XP level 8. HP: 58/58 MP: 3/16
  5877 | D:6      | Noticed Maggie
  5893 | D:6      | Slain by Maggie

Illustrated notes

Levels and vault maps discovered:
D:1:      sevenhm_arrival_forest_fort_small_3, layout_basic
D:2:      layout_loops_ring, chequers_ecumenical_altar_simple, serial_forest,
          infiniplex_forest_lined_1, infiniplex_forest_end_double,
          infiniplex_forest_lined_room_, infiniplex_forest_lined_2,
          infiniplex_forest_straight_5, infiniplex_forest_clump_large,
          infiniplex_forest_straight_3, infiniplex_forest_straight_3,
          infiniplex_forest_clump_large, infiniplex_forest_clump_small,
          serial_shops, shop, uniq_crazy_yiuf_cottage
D:3:      layout_loops_ring, lemuel_tele_altar, kennysheep_okawaru_gauntlet,
          moated_statue, kennysheep_generic_room_8, uniq_natasha
D:4:      cheibrodos_barr_body, layout_cave_pools,
          minmay_temple_entry_antechambers, minmay_misc_feat_alley
D:5:      layout_cave_pods, mainiacjoe_overflow_paths, enter_ossuary_4,
          gup_sewer_entry_glass, minmay_misc_feat_diagonals, kennysheep_path_1,
          uniq_eustachio
D:6:      layout_cave_pools, nicolae_yredelemnul_corpse_copse,
          worldfamousw_hep_ancestral_shrine, mainiacjoe_overflow_brackets,
          serial_shops, shop, moated_statue, hangedman_minor_gate_pass,
          uniq_maggie, uniq_duvessa, uniq_prince_ribbit1

Skill      XL: |  1  2  3  4  5  6  7  8 |
---------------+-------------------------+-----
Conjurations   | 2 3 |  3.4
Spellcasting   | 5 6 |  6.0
Invocations    | 1 2 3 |  3.4
Fighting       | 1 2 3 |  3.1
Short Blades   | 1 2 3 |  3.1
Long Blades    | 1 2 3 |  3.1
Axes           | 1 2 3 |  3.1
Maces & Flails | 1 2 3 |  3.1
Polearms       | 1 2 3 |  3.1
Staves         | 1 2 3 |  3.1
Slings         | 1 2 3 |  3.1
Bows           | 1 2 3 |  3.1
Crossbows      | 1 2 3 |  3.1
Throwing       | 1 2 3 |  3.1
Armour         | 1 2 3 |  3.1
Shields        | 1 2 3 |  3.1
Unarmed Combat | 1 2 3 |  3.1
Evocations     | 1 2 3 |  3.1
Hexes          | 1 2 |  2.5
Summonings     | 1 2 |  2.5
Necromancy     | 1 2 |  2.5
Translocations | 1 2 |  2.5
Transmutations | 1 2 |  2.5
Fire Magic     | 1 2 |  2.5
Ice Magic      | 1 2 |  2.5
Earth Magic    | 1 2 |  2.5
Poison Magic   | 1 2 |  2.5
Dodging        | 5 |  5.6
Stealth        | 5 |  5.3
Air Magic      | 6 |  6.1

Action                   |  1- 3 |  4- 6 |  7- 9 || total
-------------------------+-------+-------+-------++-------
Melee: Trident           |       |     1 |    11 ||    12
       Bite              |       |       |     2 ||     2
       Punch             |       |       |     1 ||     1
 Cast: Shock             |    70 |   116 |    90 ||   276
       Airstrike         |       |     4 |     8 ||    12
Armor: Robe              |     3 |     2 |    10 ||    15
Dodge: Dodged            |     8 |     8 |    50 ||    66
